 Dungeon Crawl Stone Soup version 0.29.1-1-gd02db6906a (webtiles) character file.

Game seed: 6932612507514714509

62 Anriel the Trooper (level 4, 0/29 HPs)
             Began as a Gargoyle Fighter on Oct 19, 2022.
             Slain by a white imp (1 damage)
             ... summoned by Natasha
             ... on level 2 of the Dungeon.
             The game lasted 00:09:55 (1549 turns).

Anriel the Trooper (Gargoyle Fighter)               Turns: 1549, Time: 00:09:56

Health: 0/29       AC: 10    Str: 21    XL:     4   Next: 8%
Magic:  4/4        EV:  8    Int:  9    God:
Gold:   111        SH:  8    Dex:  9    Spells: 3/3 levels left

rFire   . . .      SeeInvis .   a - +0 flail
rCold   . . .      Faith    .   o - +0 kite shield
rNeg    + . .      Spirit   .   b - +0 scale mail
rPois   ∞          Reflect  .   (no helmet)
rElec   +          Harm     .   (no cloak)
rCorr   .          Rampage  .   (no gloves)
Will    .....                   (no boots)
Stlth   ..........              e - amulet of the acrobat
HPRegen 0.09/turn               (no ring)
MPRegen 0.09/turn               (no ring)

@: brilliant
A: sickness immunity, AC +3, negative energy resistance 1, electricity
resistance, torment resistance 1, petrification resistance
a: no special abilities


You were on level 2 of the Dungeon.
You visited 1 branch of the dungeon, and saw 2 of its levels.

You collected 111 gold pieces.

Inventory:

Hand Weapons
 a - a +0 flail (weapon)
Missiles
 c - a throwing net (quivered)
Armour
 b - a +0 scale mail (worn)
 o - a +0 kite shield (worn)
Jewellery
 e - an amulet of the acrobat (around neck)
Scrolls
 g - a scroll of torment {unknown}
 k - a scroll of poison {unknown}
 l - 3 scrolls of blinking {unknown}
 m - a scroll of summoning {unknown}
 n - a scroll of identify {unknown}
Potions
 d - 2 potions of might
 f - 3 potions of brilliance
 h - a potion of heal wounds {unknown}
 i - a potion of lignification {unknown}
 j - 2 potions of curing {unknown}


   Skills:
 + Level 4.0 Fighting
 + Level 2.9 Maces & Flails
 + Level 3.7 Armour
 + Level 0.3 Dodging
 + Level 3.5 Shields


You had 3 spell levels left.
You didn't know any spells.
Your spell library contained the following spells:

 Spells                   Type           Power      Damage    Failure   Level
 Sandblast                Erth           0%         2d4       97%         1
 Passwall                 Tmut/Erth      0%         N/A       99%         2
 Stone Arrow              Conj/Erth      0%         3d7       100%        3


Dungeon Overview and Level Annotations

Branches:
Dungeon (2/15)

Altars:

Shops:
D:2 [

Annotations:
D:2 Natasha


Innate Abilities, Weirdness & Mutations

You are immune to sickness and miasma.
Your stone body is resilient. (AC +3)
You are immune to poison.
You resist negative energy. (rN+)
You are resistant to electric shocks. (rElec)
You are resistant to unholy torment.
You are immune to petrification.


Message History

You hit Natasha.
Natasha is moderately wounded.
The white imp hits you but does no damage.
You block Natasha's attack. The white imp barely misses you.
You barely miss Natasha.
Natasha is moderately wounded.
Natasha claws you.
The white imp hits you but does no damage.
You closely miss Natasha.
Natasha is moderately wounded.
Natasha closely misses you. You block the white imp's attack.
Natasha hisses.
Natasha barely misses you. The white imp gestures at you.
The puff of frost hits you.
You closely miss Natasha.
Natasha is moderately wounded.
Natasha claws you.
* * * LOW HITPOINT WARNING * * *
You block the white imp's attack.
You barely miss Natasha.
Natasha is moderately wounded.
Natasha mumbles some strange words.
The white imp hits you but does no damage.
Natasha claws you but does no damage.
The white imp hits you but does no damage.
You barely miss Natasha.
Natasha is moderately wounded.
Natasha claws you but does no damage.
The white imp hits you but does no damage.
You hit Natasha.
Natasha is severely wounded.
Natasha claws you but does no damage. The white imp gestures at you.
The puff of frost hits you!
* * * LOW HITPOINT WARNING * * *
It was a potion of brilliance.
You feel clever all of a sudden. You block Natasha's attack.
The white imp hits you.
You die...

.....................##....######
....#'#..............''....######
.##.#....##..........#'....##..[.
.##.#....##................#.....
.##.#....##................#.....
...........................#.....
...###.....................####'#
...'...........h5..............'#
...#...........5@.........[......
...#....###................).....
..##....# #...............(......
........##########..............#
##.............# #.[............#
#.........#...# #..............#
#.........#...#####.....'#.)...#
#.................#.....####...>
#.................#.............


You could see Natasha, a white imp (summoned) and a shadow imp (summoned).

Vanquished Creatures
  Natasha (D:2)
  An adder (D:2)
  A worm (D:2)
  2 bats
  2 endoplasms
  A giant cockroach (D:2)
  8 goblins
  A hobgoblin (D:2)
  7 ball pythons
  4 frilled lizards
  4 kobolds
  7 rats
39 creatures vanquished.

Notes
Turn   | Place    | Note
-------+----------+-------------------------------------------
     0 | D:1      | Anriel the Gargoyle Fighter began the quest for the Orb.
     0 | D:1      | Reached XP level 1. HP: 14/14 MP: 1/1
   100 | D:1      | Reached XP level 2. HP: 16/19 MP: 2/2
   919 | D:2      | Reached XP level 3. HP: 19/24 MP: 3/3
  1151 | D:2      | Found Perph's Armour Emporium.
  1341 | D:2      | Reached skill level 4 in Fighting
  1443 | D:2      | Noticed Natasha
  1447 | D:2      | Killed Natasha
  1448 | D:2      | Reached XP level 4. HP: 27/29 MP: 4/4
  1528 | D:2      | Noticed Natasha
  1548 | D:2      | HP: 1/29 [white imp/puff of frost[Natasha] (7)]
  1549 | D:2      | Slain by a white imp

Illustrated notes

Levels and vault maps discovered:
D:1:      minmay_arrival_arboretum_small, layout_basic
D:2:      layout_basic, serial_shops, nicolae_shop_window_shopping,
          mrwooster_statue_mirror, uniq_natasha

Skill      XL: |  1  2  3 |
---------------+----------+-----
Fighting       | 4 |  4.0
Maces & Flails | |  2.9
Armour         | |  3.7
Dodging        | |  0.3
Shields        | |  3.5

Action                   |  1- 3 |  4- 6 || total
-------------------------+-------+-------++-------
Melee: Flail             |   103 |    17 ||   120
  Use: Potion            |       |     1 ||     1
Armor: Scale mail        |    50 |    12 ||    62
Dodge: Dodged            |    56 |     9 ||    65
Block: Buckler           |    11 |       ||    11
       Kite shield       |     4 |     6 ||    10
